 Dungeon Crawl Stone Soup version 0.17-a0-1769-g54adf96 (webtiles) character file.

35 ololoev the Charmwright (level 3, -1/29 HPs)
             Began as a Draconian Skald on Sept 7, 2015.
             Slain by Jessica (2 damage)
             ... on level 2 of the Dungeon.
             The game lasted 00:01:48 (1443 turns).

ololoev the Charmwright (Draconian Skald)           Turns: 1443, Time: 00:01:49

Health: -1/29      AC:  5    Str: 14    XL:     3   Next: 17%
Magic:  5/6        EV: 12    Int: 12    God:
Gold:   171        SH:  0    Dex: 11    Spells: 2 memorised, 3 levels left

rFire  . . .     SeeInvis .     i - -2 whip
rCold  . . .     Clarity  .     (armour unavailable)
rNeg   . . .     SustAt   .     (no shield)
rPois  .         Gourm    .     (helmet restricted)
rElec  .         Spirit   .     (no cloak)
rCorr  .         Warding  .     (no gloves)
rMut   .         Stasis   .     (no boots)
MR     .....                    (no amulet)
Stlth  +.........               (no ring)
                                (no ring)

@: infused, slowed, very slow, not resistant to hostile enchantments, very
unstealthy
A: unfitting armour, cold-blooded, AC +5
a: no special abilities


Innate Abilities, Weirdness & Mutations

Your plain brown scales are hard (AC +5).
Your body does not fit into most forms of armour.
You are cold-blooded and may be slowed by cold attacks.

Inventory:

Hand weapons
 i - a -2 whip (weapon)
Scrolls
 h - 2 scrolls of teleportation
Potions
 g - 2 potions of curing
Books
 b - a book of Battle

   Spells                             Type                      Level
   a - Infusion                       Charms                       1
   b - Shroud of Golubria             Charms/Translocation         2
   c - Song of Slaying                Charms                       2
   d - Spectral Weapon                Hexes/Charms                 3
   e - Regeneration                   Charms/Necromancy            3
Comestibles
 c - 2 bread rations
 f - 5 fruits
 j - a chunk of flesh


   Skills:
 - Level 2.1 Fighting
 * Level 2.7 Maces & Flails
 + Level 1.6 Dodging
 - Level 2.0 Spellcasting
 * Level 3.3 Charms


You had 3 spell levels left.
You knew the following spells:

 Your Spells              Type           Power        Failure   Level  Hunger
a - Infusion              Chrm           #.....       10%         1    ##.....
b - Song of Slaying       Chrm           #.......     12%         2    ###....


You were on level 2 of the Dungeon.
You were not hungry.

You visited 1 branch of the dungeon, and saw 2 of its levels.

You collected 171 gold pieces.

#. #.......# #.
#.....[## #.
#.#....# #.
.^.##.#.# ##.# .##
#.#.# ...###.#
#.#.#
##.###.#.#.####.#.#
.......##@(.....#.#
.........@..^.....#
##.####.###########
...# #####

Notes
Turn   | Place    | Note
--------------------------------------------------------------
     0 | D:1      | ololoev the Draconian Skald began the quest for the Orb.
     0 | D:1      | Reached XP level 1. HP: 17/17 MP: 3/3
   308 | D:1      | Reached skill level 3 in Charms
   321 | D:1      | Reached XP level 2. HP: 21/24 MP: 5/5
   325 | D:1      | Learned a level 2 spell: Song of Slaying
  1162 | D:2      | Reached XP level 3. HP: 19/29 MP: 0/6
  1433 | D:2      | Noticed Jessica
  1443 | D:2      | HP: 1/29 [Jessica/nerve-wracking pain (9)]
  1443 | D:2      | Slain by Jessica

Dungeon Overview and Level Annotations

Branches:
Dungeon (2/15)

Altars:

Annotations:
D:2 Jessica


Message History

Jessica casts a spell.
Jessica seems to speed up.
Casting: Song of Slaying
Confirm with . or Enter, or press ? or * to list all spells.
You begin infusing your attacks with magical energy.
Jessica gestures wildly while chanting.
Jessica blinks!
Read which item? (? for menu, Esc to quit)
As you read the scroll labeled ELUODEMPOS, it crumbles to dust.
It is a scroll of identify.
Identify which item? (\ to view known items) (? for menu, Esc to quit)
g - 2 potions of curing Jessica casts a spell.
Jessica blinks!
Read which item? (? for menu, Esc to quit)
As you read the scroll labeled QOLUUL OSIG, it crumbles to dust.
It is a scroll of enchant armour.
You aren't carrying any armour which can be enchanted further.
Jessica casts a spell at you. Pain shoots through your body!
Read which item? (? for menu, Esc to quit)
As you read the scroll labeled REEHEIDEYC, it crumbles to dust.
You feel as if something is helping you.
It was a scroll of remove curse.
Read which item? (? for menu, Esc to quit)
As you read the scroll labeled POORUY TYNKAR, it crumbles to dust.
You experience a momentary feeling of inescapable doom!
It was a scroll of random uselessness.
You hit Jessica.
Jessica is heavily wounded.
Jessica points at you and mumbles some strange words.
You feel yourself slow down. Jessica hits you but does no damage.
Jessica points at you and mumbles some strange words.
Pain shoots through your body! Jessica closely misses you.
You closely miss Jessica.
You tail-slap Jessica, but do no damage.
Jessica is heavily wounded.
Jessica gestures at you while chanting. Pain shoots through your body!
Jessica hits you.
You die...

You could see Jessica.

Vanquished Creatures
  An adder (D:2)
  4 bats (D:1)
  3 giant cockroaches
  4 hobgoblins (D:1)
  2 kobolds (D:1)
  A quokka (D:2)
  A giant newt (D:1)
  6 goblins
  5 rats
27 creatures vanquished.

Action                   || total
-------------------------++-------
Melee: Mace              ||    65
       Whip              ||    50
 Cast: Infusion          ||     2
       Song of Slaying   ||     1
  Use: Scroll            ||     7
  Eat: Chunk             ||     2

Vault maps used:
D:1:      evilmike_arrival_hilbert_curve, serial_forest,
          infiniplex_forest_lined_2, infiniplex_forest_corner_1,
          infiniplex_forest_fountain, infiniplex_forest_clump_tiny,
          infiniplex_forest_3_way, infiniplex_forest_lined_3_way,
          infiniplex_forest_clump_cross, infiniplex_forest_clump_small,
          infiniplex_forest_lined_3
D:2:      ecumenical_altar_2, first_bread, uniq_jessica
